 Dungeon Crawl Stone Soup version 0.17.1-3-g152610e (webtiles) character file.

89 juanjsm the Stinger (level 4, 0/21 HPs)
             Began as a Spriggan Venom Mage on Apr 19, 2016.
             Slain by Pikel
             ... wielding a +0 whip of freezing
              (2 damage)
             ... on level 4 of the Dungeon.
             The game lasted 00:19:03 (2469 turns).

juanjsm the Stinger (Spriggan Venom Mage)           Turns: 2469, Time: 00:19:03

Health: 0/21       AC:  3    Str:  4    XL:     4   Next: 31%
Magic:  1/10       EV: 19    Int: 17    God:
Gold:   140        SH:  0    Dex: 16    Spells: 3 memorised, 3 levels left

rFire  . . .     SeeInvis +     i - +0 dagger
rCold  . . .     Clarity  .     a - +0 robe
rNeg   . . .     SustAt   .     (shield restricted)
rPois  .         Gourm    .     (helmet restricted)
rElec  .         Spirit   .     o - +0 cloak
rCorr  .         Warding  .     (gloves unavailable)
rMut   .         Stasis   .     (boots unavailable)
MR     +....                    (no amulet)
Stlth  +++.......               (no ring)
                                f - ring of protection from magic

@: very quick, somewhat resistant to hostile enchantments, fairly stealthy
A: unfitting armour, see invisible, herbivore 3, speed 3, slow metabolism 2
a: no special abilities


You were on level 4 of the Dungeon.
You were not hungry.

You visited 1 branch of the dungeon, and saw 5 of its levels.

You collected 140 gold pieces.

Inventory:

Hand Weapons
 i - a +0 dagger (weapon)
Armour
 a - a +0 robe (worn)
 o - a +0 cloak (worn)
Jewellery
 f - a ring of protection from magic (left hand)
Scrolls
 d - a scroll of immolation {unknown}
 e - a scroll of recharging {unknown}
 h - 2 scrolls of identify {unknown}
 j - a scroll of blinking {unknown}
 k - a scroll of teleportation {unknown}
 l - a scroll of magic mapping {unknown}
 p - a scroll of enchant armour {unknown}
Potions
 g - a potion of invisibility {unknown}
 m - 2 potions of lignification {unknown}
 n - a potion of flight {unknown}
Books
 b - a Young Poisoner's Handbook

   Spells                             Type                      Level
   a - Sting                          Conjuration/Poison           1
   b - Cure Poison                    Poison                       2
   c - Mephitic Cloud                 Conjuration/Poison/Air       3
   d - Olgreb's Toxic Radiance        Poison                       4
   e - Venom Bolt                     Conjuration/Poison           5
Comestibles
 c - 2 bread rations


   Skills:
 + Level 0.1 Fighting
 + Level 4.1 Dodging
 + Level 3.8 Stealth
 + Level 0.1 Unarmed Combat
 + Level 3.4 Spellcasting
 + Level 0.8 Conjurations
 + Level 4.5 Poison Magic


You had 3 spell levels left.
You knew the following spells:

 Your Spells              Type           Power        Failure   Level  Hunger
a - Sting                 Conj/Pois      ##..         6%          1    None
b - Cure Poison           Pois           ###.......   4%          2    ##.....
c - Mephitic Cloud        Conj/Pois/Air  #.......     24%         3    ###....


Dungeon Overview and Level Annotations

Branches:
Dungeon (5/15)
 Temple: D:4-7

Altars:
Dithmenos

Annotations:
D:4 Blork the orc, Pikel


Innate Abilities, Weirdness & Mutations

You are tiny and cannot use many weapons and most armour.
You have supernaturally acute eyesight.
You are a herbivore.
You cover ground extremely quickly.
You need consume almost no food.


Message History

Pikel closely misses you. The orc closely misses you.
The slave closely misses Pikel.
You barely miss Pikel.
Pikel is lightly wounded.
The slave hits Pikel but does no damage.
Pikel closely misses you. The orc closely misses you.
You hit Pikel but do no damage.
Pikel is lightly wounded.
The slave barely misses Pikel.
Pikel completely misses you. The orc completely misses you.
You hit Pikel.
Pikel is lightly wounded.
Pikel completely misses you. The orc hits you.
* * * LOW HITPOINT WARNING * * *
You closely miss Pikel.
Pikel is lightly wounded.
The orc misses you. Pikel hits you with a whip of freezing.
* * * LOW HITPOINT WARNING * * *
Pikel freezes you.
You die...

##.............#
##.............##
#.>............##
####........<...##
##...p......§§###
##...........§§..##
##......##.........#
#.##....########..###..
#...o@....# #### ###
##p.Kp.p...# #
#..........#
#............#
#............#
#.............
#.............
#.#..........#


You could see Pikel, 4 slaves and an orc.

Vanquished Creatures
  A worker ant (D:4)
  An adder (D:2)
  A worm (D:2)
  2 orcs (D:3)
  3 giant cockroaches
  8 goblins
  5 hobgoblins
  2 ball pythons (D:2)
  10 bats
  A giant gecko (D:1)
  7 giant newts
  4 kobolds
  6 rats
51 creatures vanquished.

Notes
Turn   | Place    | Note
--------------------------------------------------------------
     0 | D:1      | juanjsm the Spriggan Venom Mage began the quest for the Orb.
     0 | D:1      | Reached XP level 1. HP: 9/9 MP: 5/5
   330 | D:1      | Reached XP level 2. HP: 8/13 MP: 0/6
   381 | D:2      | Learned a level 2 spell: Cure Poison
  1090 | D:2      | Reached XP level 3. HP: 16/16 MP: 6/8
  1096 | D:2      | Learned a level 3 spell: Mephitic Cloud
  1487 | D:3      | Noticed an orc wizard
  1489 | D:3      | Noticed an orc wizard
  1947 | D:4      | Found a shadowy altar of Dithmenos.
  2138 | D:4      | Noticed Blork the orc
  2216 | D:4      | Noticed a slave
  2217 | D:4      | Noticed a slave
  2223 | D:5      | Entered Level 5 of the Dungeon
  2285 | D:4      | Reached XP level 4. HP: 15/21 MP: 1/10
  2443 | D:4      | Noticed Pikel
  2443 | D:4      | Noticed a slave
  2444 | D:4      | Noticed a slave
  2469 | D:4      | Slain by Pikel

Action                   |  1- 3 |  4- 6 || total
-------------------------+-------+-------++-------
Melee: Unarmed           |    25 |       ||    25
       Dagger            |    86 |     7 ||    93
 Cast: Sting             |    78 |     2 ||    80
       Cure Poison       |     1 |       ||     1
       Mephitic Cloud    |       |     3 ||     3
 Stab: Sleeping          |     8 |       ||     8
